[Event "Titled Tuesday Blitz June 21 Early 2022"]
[White "Zaksaite, Salomeja"]
[Black "Petrovic, Aleksa"]
[WhiteFideId "12801496"]
[BlackFideId "967629"]
[WhiteElo "1953"]
[BlackElo "2117"]
[Result "0-1"]
[Round "03"]
[TimeControl "180+1"]
[Date "2022.06.22"]
[WhiteClock "0:00:01"]
[BlackClock "0:00:09"]

1. e4 c5 2. Nf3 e6 3. d4 cxd4 4. Nxd4 a6 5. Nc3 Qc7 6. Bd3 Nf6 7. Qe2 d6 8. Bd2 Be7 9. f4 Nbd7 10. Nb3 b5 11. a3 Bb7 12. O-O Nc5 13. Kh1 h5 14. Rae1 h4 15. e5 h3 16. Rf3 Ng4 17. exd6 hxg2+ 18. Kg1 Bxd6 19. Ne4 Nxe4 20. Bxe4 Qb6+ 21. Be3 Nxe3 22. Qxe3 Qxe3+ 23. Rexe3 Bxe4 24. Rxe4 Rc8 25. c3 g6 26. Kxg2 O-O 27. Nd4 Kg7 28. h3 Rc5 29. Rd3 Bb8 30. Rxe6 Bxf4 31. Rxa6 Re8 32. Kf3 Bh6 33. Ra7 Rh5 34. Kg3 Ree5 35. Nf3 Ref5 36. a4 Bf4+ 37. Kg2 bxa4 38. Rxa4 Bh6 39. Re4 Rb5 40. b4 Rhf5 41. Nd4 Rg5+ 42. Rg4 Rxg4+ 43. hxg4 Rg5 44. Kf3 Re5 45. b5 Re1 46. c4 Rf1+ 47. Kg2 Rc1 0-1


[Site "https://www.chess.com"]

[Event "Titled Tuesday Blitz June 21 Early 2022"]
[White "Zhigalko, Sergei"]
[Black "Coto Mederos, Michel"]
[WhiteFideId "13502956"]
[BlackFideId "3508528"]
[WhiteElo "2662"]
[BlackElo "2427"]
[Result "1-0"]
[Round "03"]
[TimeControl "180+1"]
[Date "2022.06.22"]
[WhiteClock "0:00:09"]
[BlackClock "0:00:04"]

1. e4 e5 2. Nf3 Nc6 3. Bc4 Bc5 4. b4 Bb6 5. a4 a6 6. Nc3 d6 7. Nd5 Ba7 8. d3 h6 9. O-O Nf6 10. c3 O-O 11. Be3 Bxe3 12. fxe3 Be6 13. Nxf6+ Qxf6 14. Ba2 Bxa2 15. Rxa2 Qe6 16. Raf2 d5 17. exd5 Qxd5 18. e4 Qe6 19. Nh4 Rad8 20. Rf3 Rd7 21. Rg3 Ne7 22. Qh5 Kh7 23. Nf3 Kg8 24. Nxe5 Rd6 25. Ng4 Kh7 26. e5 Rd5 27. Rf6 Rxe5 28. Rxe6 Rxh5 29. Rxe7 Rd8 30. d4 a5 31. b5 c6 32. b6 c5 33. Rxf7 cxd4 34. Nf6+ Kh8 35. Nxh5 d3 36. Rf1 d2 37. Rd1 Rd5 38. Nf4 Rd6 39. Rg6 Rd7 40. Re6 Kg8 41. Re2 Kf7 42. Rdxd2 Rxd2 43. Rxd2 1-0


[Site "https://www.chess.com"]

[Event "Titled Tuesday Blitz June 21 Early 2022"]
[White "Zierk, Steven"]
[Black "Halkias, Stelios"]
[WhiteFideId "2034255"]
[BlackFideId "4201809"]
[WhiteElo "2494"]
[BlackElo "2453"]
[Result "1-0"]
[Round "03"]
[TimeControl "180+1"]
[Date "2022.06.21"]
[WhiteClock "0:00:48"]
[BlackClock "0:00:05"]

1. e4 c5 2. Nf3 Nc6 3. Bb5 g6 4. O-O Bg7 5. c3 Nf6 6. Re1 O-O 7. d4 d5 8. e5 Ne4 9. Be3 Qb6 10. Bxc6 Qxc6 11. dxc5 Nxc5 12. h3 a6 13. Na3 Rd8 14. Nc2 b6 15. Qd2 Bb7 16. Ncd4 Qc7 17. Bh6 Ne4 18. Qf4 Bh8 19. c4 Qxc4 20. Rac1 Qb4 21. Rc7 Rab8 22. Rec1 Ba8 23. Ng5 Nxg5 24. Bxg5 Re8 25. R1c3 Rb7 26. Rc8 Rb8 27. e6 fxe6 28. Qxb8 Bxd4 29. Rxe8+ Kf7 30. Rf8+ Kg7 31. Rg8+ Kf7 32. Qf8# 1-0


[Site "https://www.chess.com"]

[Event "Titled Tuesday Blitz June 21 Early 2022"]
[White "parintele_chess"]
[Black "Snehal, Bhosale"]
[BlackFideId "5021995"]
[WhiteElo "2260"]
[BlackElo "2103"]
[Result "0-1"]
[Round "03"]
[TimeControl "180+1"]
[Date "2022.06.22"]
[WhiteClock "0:00:01"]
[BlackClock "0:00:13"]

1. d4 d5 2. c4 c6 3. Nc3 Nf6 4. e3 a6 5. Nf3 Bf5 6. Bd3 Bxd3 7. Qxd3 b5 8. b3 Nbd7 9. O-O e6 10. e4 b4 11. e5 bxc3 12. exf6 Qxf6 13. Qxc3 h6 14. cxd5 cxd5 15. Qc6 Qd8 16. Ne5 Ra7 17. Re1 Bb4 18. Nxf7 Kxf7 19. Qxe6+ Kf8 20. Re3 Nf6 21. a3 Bd6 22. Bb2 Re7 23. Qf5 Kf7 24. Rae1 Rhe8 25. Qf3 Kg8 26. b4 Rxe3 27. fxe3 Ne4 28. Qh5 Kh8 29. Rf1 Rf8 30. Rf7 Rxf7 31. Qxf7 Qf8 32. Qxf8+ Bxf8 33. g3 Be7 34. Kg2 Kg8 35. Kf3 Kf7 36. Kf4 Ke6 37. h4 Bd6+ 38. Kg4 Bxg3 39. a4 Bf2 40. Bc1 g6 41. b5 axb5 42. axb5 Kd6 43. Ba3+ Kc7 44. Bf8 Bxe3 45. h5 Nf6+ 46. Kf3 Bxd4 47. hxg6 Ng8 48. g7 Kb6 49. Kg4 Kxb5 50. Kf5 Kc4 51. Ke6 h5 52. Kf7 Nh6+ 53. Kg6 Be3 0-1


[Site "https://www.chess.com"]

[Event "Titled Tuesday Blitz June 21 Early 2022"]
[White "Aaditya Dhingra"]
[Black "Maltsevskaya, Aleksandra"]
[WhiteFideId "25678191"]
[BlackFideId "24174041"]
[WhiteElo "1849"]
[BlackElo "2243"]
[Result "1-0"]
[Round "04"]
[TimeControl "180+1"]
[Date "2022.06.21"]
[WhiteClock "0:00:07"]
[BlackClock "0:00:02"]

1. e4 c5 2. Nf3 e6 3. d4 cxd4 4. Nxd4 Nc6 5. Nc3 Nf6 6. Nxc6 bxc6 7. e5 Nd5 8. Ne4 Qc7 9. f4 Qb6 10. c4 Bb4+ 11. Ke2 f5 12. Nf2 Ne7 13. Nd3 Bc5 14. Nxc5 Qxc5 15. b3 Qb6 16. Be3 c5 17. Qd6 Qxd6 18. exd6 Nc6 19. Bxc5 a5 20. Kf2 Bb7 21. Be2 Kf7 22. Bf3 Rhc8 23. Bb6 a4 24. b4 a3 25. b5 Na5 26. Bxa5 Bxf3 27. Kxf3 Rxa5 28. Rhc1 Rc5 29. Ke3 e5 30. fxe5 Ke6 31. Kd4 Rxe5 32. Re1 Rxe1 33. Rxe1+ Kxd6 34. Re5 g6 35. Rd5+ Kc7 36. Kc5 f4 37. h4 h6 38. Rd6 g5 39. Rxh6 gxh4 40. Rxh4 Ra8 41. Rxf4 Re8 42. g4 Re2 43. Kb4 Rxa2 44. Kb3 Ra1 45. Rf5 a2 46. Kb2 Rg1 47. Kxa2 Rxg4 48. Kb3 Kb6 49. Kb4 Re4 50. Rf6+ Kb7 51. Kc5 Kc7 52. b6+ Kb7 53. Rd6 Re5+ 54. Kd4 Re7 55. c5 Rg7 56. Kd5 Rg5+ 57. Kc4 Rg7 58. Kb5 Kc8 59. Ka6 Rg8 60. Ka7 Rf8 61. Rd3 Kd8 62. b7 Kc7 63. Rb3 Rb8 64. Rb2 Rxb7+ 1-0


[Site "https://www.chess.com"]

[Event "Titled Tuesday Blitz June 21 Early 2022"]
[White "Abdi, Farzad"]
[Black "Kvon, Andrey"]
[WhiteFideId "2076829"]
[BlackFideId "14201356"]
[WhiteElo "2270"]
[BlackElo "2458"]
[Result "0-1"]
[Round "04"]
[TimeControl "180+1"]
[Date "2022.06.21"]
[WhiteClock "0:00:23"]
[BlackClock "0:01:57"]

1. e4 e5 2. Nf3 Nc6 3. Bb5 a6 4. Bxc6 dxc6 5. Nc3 f6 6. d4 exd4 7. Qxd4 Qxd4 8. Nxd4 Bc5 9. Be3 Bb4 10. Ne2 Be6 11. a3 Bd6 12. Nf4 Bd7 13. O-O-O Ne7 14. f3 Ng6 15. Nxg6 hxg6 16. h3 g5 17. Rhe1 O-O-O 18. Re2 Be6 19. Red2 b6 20. Ne2 c5 21. Kb1 Rde8 22. Bf2 Bc4 23. Ng3 g6 24. Nf1 Rd8 25. b3 Bxf1 26. Rxf1 c4 27. b4 Bf4 28. Rdd1 Be5 29. Be3 Bc3 30. Kc1 Kb7 31. Bd2 Be5 32. Be3 Kc6 33. Rxd8 Rxd8 34. Rf2 Bc3 35. f4 gxf4 36. Rxf4 Kb5 37. Rg4 Ka4 38. e5 Kxa3 39. Rxc4 Bb2+ 40. Kb1 Rd1+ 41. Bc1 Rxc1# 0-1


[Site "https://www.chess.com"]

[Event "Titled Tuesday Blitz June 21 Early 2022"]
[White "Adewumi, Tanitoluwa"]
[Black "Mirzoev, Azer"]
[WhiteFideId "30966396"]
[BlackFideId "13400304"]
[WhiteElo "2542"]
[BlackElo "2525"]
[Result "1/2-1/2"]
[Round "04"]
[TimeControl "180+1"]
[Date "2022.06.21"]
[WhiteClock "0:00:04"]
[BlackClock "0:00:09"]

1. e4 c6 2. d4 d5 3. exd5 cxd5 4. Bd3 Nf6 5. c3 Nc6 6. Bf4 Bg4 7. Qb3 Qc8 8. Nd2 Bh5 9. Ngf3 Bg6 10. Bxg6 hxg6 11. O-O e6 12. Rae1 Be7 13. g3 O-O 14. h4 a6 15. a4 Na5 16. Qc2 b5 17. axb5 axb5 18. Ne5 b4 19. Ra1 Nc6 20. Nb3 Nxe5 21. Bxe5 Nd7 22. Bf4 bxc3 23. bxc3 Qc6 24. Qd3 Rfc8 25. Bd2 Nf6 26. f3 Rcb8 27. Rxa8 Rxa8 28. Ra1 Rxa1+ 29. Nxa1 Qa4 30. Qb1 Bd6 31. Kf2 Nh5 32. f4 Nf6 33. Nb3 Ne4+ 34. Ke3 Nxg3 35. Nc5 Qa8 36. Nd3 Nf5+ 37. Ke2 Qa6 38. Qg1 Nxh4 39. Qg5 Nf5 40. Qd8+ Kh7 41. Qg5 Be7 42. Qg4 Kg8 43. Qh3 Qb5 44. Qf3 Qb1 45. Bc1 Qc2+ 46. Bd2 Qb3 47. Qg2 Qb1 48. Bc1 Qc2+ 49. Bd2 Nd6 50. Nb4 Qe4+ 51. Qxe4 Nxe4 52. Be1 Bd6 53. Nd3 f6 54. Kf3 Kf7 55. c4 dxc4 56. Nb2 c3 57. Nc4 f5 58. Bxc3 Ke7 59. Ba5 Kd7 60. Bb6 Kc6 61. Bd8 Kd5 62. Ne3+ Kxd4 63. Bb6+ Kd3 64. Ng2 Nd2+ 65. Kf2 Nc4 66. Bd8 e5 67. fxe5 Bxe5 68. Bg5 Bf6 69. Bc1 Ke4 70. Nf4 Bg5 71. Ne2 Bxc1 72. Nxc1 g5 73. Ne2 Ke5 74. Kf3 Nd6 75. Ng3 g4+ 76. Kf2 g5 77. Nf1 Ne4+ 78. Ke3 f4+ 79. Ke2 g3 80. Kf3 Kf5 81. Kg2 g4 82. Kg1 Kg5 83. Kg2 f3+ 84. Kg1 Kf4 85. Kh1 g2+ 86. Kh2 gxf1=Q 1/2-1/2


[Site "https://www.chess.com"]

[Event "Titled Tuesday Blitz June 21 Early 2022"]
[White "Agasarov, Benik"]
[Black "Pein, Jonathan"]
[WhiteFideId "13314823"]
[BlackFideId "417092"]
[WhiteElo "2639"]
[BlackElo "2140"]
[Result "1-0"]
[Round "04"]
[TimeControl "180+1"]
[Date "2022.06.21"]
[WhiteClock "0:01:18"]
[BlackClock "0:00:02"]

1. e4 e5 2. Nf3 d6 3. d4 exd4 4. Nxd4 Nf6 5. Nc3 g6 6. g3 Bg7 7. Bg2 O-O 8. O-O Nc6 9. Nde2 Re8 10. h3 Bd7 11. Bg5 h6 12. Be3 b5 13. Nxb5 Nxe4 14. Nbd4 Rb8 15. Nxc6 Bxc6 16. Bd4 Bb5 17. Bxg7 Kxg7 18. c4 Bd7 19. Qd4+ Qf6 20. b3 a5 21. Rfe1 Qxd4 22. Nxd4 Nc5 23. Rxe8 Rxe8 24. Rb1 f5 25. a3 Kf6 26. b4 axb4 27. axb4 Ne4 28. Ra1 c5 29. Nc2 cxb4 30. Nxb4 Be6 31. Bf1 Nd2 32. Ra6 Nxf1 33. Rxd6 Ke7 34. c5 Bc4 35. Rxg6 Nd2 36. Rxh6 Rf8 37. Nc6+ Kd7 38. Rd6+ Kc7 39. Ne5 Bd3 40. Rxd3 Ne4 41. Rd7+ Kc8 42. c6 Nc5 43. Rh7 f4 44. Ra7 Kb8 45. Ra5 Ne6 46. Nd7+ 1-0


[Site "https://www.chess.com"]

[Event "Titled Tuesday Blitz June 21 Early 2022"]
[White "Agibileg, Uurtsaikh"]
[Black "Martin, Lewis"]
[WhiteFideId "4901606"]
[BlackFideId "410551"]
[WhiteElo "2205"]
[BlackElo "2145"]
[Result "1-0"]
[Round "04"]
[TimeControl "180+1"]
[Date "2022.06.21"]
[WhiteClock "0:00:43"]
[BlackClock "0:00:04"]

1. d4 d5 2. c4 c6 3. Nf3 Nf6 4. Nc3 dxc4 5. a4 Bf5 6. Ne5 Nbd7 7. Nxc4 e6 8. g3 Bb4 9. Bg2 O-O 10. O-O Bg6 11. a5 Qe7 12. Qb3 Nd5 13. e4 Bxc3 14. bxc3 N5f6 15. Ba3 c5 16. Rfe1 Rab8 17. d5 b5 18. axb6 axb6 19. d6 Qd8 20. e5 Nd5 21. Bc1 b5 22. Na5 c4 23. Qb2 Qc8 24. Be3 Nc5 25. Bxc5 Qxc5 26. Qa3 Qb6 27. Reb1 Bxb1 28. Rxb1 Ra8 29. Ra1 Ra6 30. d7 Rfa8 31. Bxd5 exd5 32. Qe7 Qd8 33. Nc6 Rxa1+ 34. Kg2 Qxe7 35. Nxe7+ Kf8 36. Nc8 g6 37. d8=Q+ Kg7 38. Qf6+ 1-0


[Site "https://www.chess.com"]

[Event "Titled Tuesday Blitz June 21 Early 2022"]
[White "Ajay Krishna, S"]
[Black "Barbashin, Igor"]
[WhiteFideId "5096430"]
[BlackFideId "4155718"]
[WhiteElo "2247"]
[BlackElo "2138"]
[Result "1-0"]
[Round "04"]
[TimeControl "180+1"]
[Date "2022.06.21"]
[WhiteClock "0:00:13"]
[BlackClock "0:00:02"]

1. d4 Nf6 2. c4 c5 3. d5 e6 4. Nc3 exd5 5. cxd5 d6 6. e4 g6 7. Nf3 Bg7 8. Be2 O-O 9. O-O Re8 10. Nd2 a6 11. a4 Nbd7 12. f3 Qc7 13. Kh1 h5 14. Nc4 Ne5 15. Nxe5 Rxe5 16. Bf4 Re8 17. Qd2 Nd7 18. Rac1 Ne5 19. Nd1 Bd7 20. a5 Bb5 21. b4 Bxe2 22. Qxe2 Nd7 23. Nb2 Rac8 24. Nc4 Ne5 25. Nb6 Rcd8 26. bxc5 dxc5 27. Be3 Bf8 28. Rc2 Nd7 29. Rb1 Nxb6 30. axb6 Qe5 31. Qf2 f5 32. Bxc5 fxe4 33. fxe4 Qxe4 34. Rf1 Bg7 35. Rd2 Rd7 36. h3 Red8 37. d6 Qe6 38. Qg3 Rf7 39. Re1 Qf5 40. Bg1 Rdf8 41. Re7 Rxe7 42. dxe7 Re8 43. Qd6 Kf7 44. Rf2 Rxe7 45. Rxf5+ gxf5 46. Qd5+ 1-0


[Site "https://www.chess.com"]

[Event "Titled Tuesday Blitz June 21 Early 2022"]
[White "Aldokhin, Ivan"]
[Black "Ljukin, Sergei"]
[WhiteFideId "24115720"]
[BlackFideId "14102200"]
[WhiteElo "2231"]
[BlackElo "2312"]
[Result "1-0"]
[Round "04"]
[TimeControl "180+1"]
[Date "2022.06.21"]
[WhiteClock "0:00:44"]
[BlackClock "0:00:11"]

1. d4 d5 2. c4 c6 3. cxd5 cxd5 4. Bg5 h6 5. Bh4 Qb6 6. Nc3 e6 7. Qd2 Nc6 8. e3 Bd6 9. Bd3 Nge7 10. Bg3 Bxg3 11. hxg3 Bd7 12. Nf3 Rc8 13. Rc1 a6 14. g4 f6 15. g5 f5 16. gxh6 Rxh6 17. Rxh6 gxh6 18. Ke2 Nb4 19. Ne5 Nxd3 20. Nxd3 Bb5 21. Rh1 Bxd3+ 22. Kxd3 Ng8 23. Ke2 Kd7 24. Rh3 Kc7 25. Rg3 Ne7 26. Rg7 Kd6 27. e4 Qxd4 28. Qxd4 1-0


[Site "https://www.chess.com"]

[Event "Titled Tuesday Blitz June 21 Early 2022"]
[White "Alexiadis, Hristos"]
[Black "Sukandar, Irine Kharisma"]
[WhiteFideId "4249623"]
[BlackFideId "7101937"]
[WhiteElo "2416"]
[BlackElo "2293"]
[Result "1-0"]
[Round "04"]
[TimeControl "180+1"]
[Date "2022.06.21"]
[WhiteClock "0:01:14"]
[BlackClock "0:00:04"]

1. e4 d5 2. exd5 Qxd5 3. Nf3 Nf6 4. Be2 Bg4 5. d4 c6 6. c4 Qa5+ 7. Nc3 e6 8. O-O Be7 9. a3 O-O 10. Ne5 Bxe2 11. Qxe2 Rd8 12. Re1 Qc7 13. Bf4 Bd6 14. Rad1 Qe7 15. Bg5 h6 16. Bh4 Nbd7 17. b4 a5 18. c5 Bc7 19. Ne4 axb4 20. axb4 g5 21. Nxg5 hxg5 22. Bxg5 Nf8 23. Rd3 N8h7 24. Bh4 Kf8 25. Qe3 Ke8 26. h3 Rd5 27. Qf3 Rad8 28. Ng4 Rf5 29. Qxf5 exf5 30. Nxf6+ Nxf6 31. Rxe7+ Kxe7 32. Re3+ Kf8 33. Bxf6 Ra8 34. g3 Ra1+ 35. Kg2 Rb1 36. h4 Rxb4 37. h5 f4 38. gxf4 Bxf4 39. Re4 Bh6 40. Rg4 b6 41. Be5 bxc5 42. Bd6+ Ke8 43. Bxc5 Rb3 44. Rg8+ Kd7 45. Rh8 Bg5 46. h6 1-0


[Site "https://www.chess.com"]

[Event "Titled Tuesday Blitz June 21 Early 2022"]
[White "Antonio, Jorge Carlos"]
[Black "Reprintsev, Alexander"]
[WhiteFideId "113190"]
[BlackFideId "14100541"]
[WhiteElo "2247"]
[BlackElo "2108"]
[Result "0-1"]
[Round "04"]
[TimeControl "180+1"]
[Date "2022.06.21"]
[WhiteClock "0:00:03"]
[BlackClock "0:00:18"]

1. d4 d5 2. Nf3 Nc6 3. Bf4 Bg4 4. e3 e6 5. h3 Bf5 6. Bd3 Bxd3 7. cxd3 Bd6 8. Ne5 Nge7 9. Nxc6 bxc6 10. Bxd6 cxd6 11. O-O Rb8 12. b3 c5 13. dxc5 dxc5 14. Nc3 O-O 15. Na4 Qd6 16. Rc1 Rfc8 17. Qg4 f5 18. Qe2 e5 19. Rfd1 d4 20. e4 g6 21. f3 Rc6 22. Rc4 Rb4 23. Rdc1 Rxc4 24. Rxc4 Nc8 25. Qc2 Nb6 26. Rxc5 Rxc5 27. Qxc5 Qxc5 28. Nxc5 Kf7 29. Kf1 Ke7 30. Ke2 Kd6 31. Nb7+ Kc6 32. Na5+ Kb5 33. Nc4 Nd7 34. Kd2 fxe4 35. fxe4 a5 36. a3 h5 37. Ke2 Nc5 38. b4 axb4 39. axb4 Nd7 40. Kd2 Kxb4 41. Kc2 h4 42. Nd6 Nf8 43. Nf7 Ne6 44. Nxe5 Nf4 45. Nxg6 Nxg6 46. Kd2 Nf4 47. e5 Kc5 48. e6 Kd6 49. Ke1 Nxd3+ 50. Ke2 Ne5 51. Kf2 Kxe6 52. g3 hxg3+ 53. Kxg3 Kf5 54. h4 d3 55. Kf2 Kg4 0-1


[Site "https://www.chess.com"]

[Event "Titled Tuesday Blitz June 21 Early 2022"]
[White "Aradhya, Garg"]
[Black "Jobava, Baadur"]
[WhiteFideId "25006746"]
[BlackFideId "13601520"]
[WhiteElo "2203"]
[BlackElo "2617"]
[Result "0-1"]
[Round "04"]
[TimeControl "180+1"]
[Date "2022.06.21"]
[WhiteClock "0:00:08"]
[BlackClock "0:00:52"]

1. d4 c6 2. Nf3 d5 3. Bf4 Nf6 4. e3 Bf5 5. c4 e6 6. Nc3 Nbd7 7. Bd3 Bxd3 8. Qxd3 Be7 9. O-O O-O 10. h3 Ne4 11. Nxe4 dxe4 12. Qxe4 Nf6 13. Qc2 a5 14. Rfd1 h6 15. e4 a4 16. e5 Nd7 17. d5 cxd5 18. cxd5 exd5 19. Rxd5 Qe8 20. Qc7 Nb8 21. Ra5 Bd8 22. Qxd8 Qxd8 23. Rxa8 Qb6 24. e6 Nc6 25. exf7+ Kxf7 26. Rxa4 Qxb2 27. Rd1 Kg8 28. Re1 b5 29. Ra6 Rxf4 30. Rxc6 Qxa2 31. Rb6 b4 32. Re8+ Kh7 33. Reb8 Rc4 34. Rxb4 Rc1+ 35. Kh2 Qxf2 36. R8b7 Qc5 37. Rg4 Qd6+ 38. Rg3 Rc7 39. Rxc7 Qxc7 40. h4 Qf4 41. Kh3 Qf5+ 42. Kh2 g6 43. Rh3 Qf4+ 44. Rg3 Kg7 45. Kh3 Qf5+ 46. Kh2 Kf6 47. Rh3 Qf4+ 48. Kg1 Kf5 49. Nh2 Qd4+ 50. Kf1 Ke6 51. h5 g5 52. g4 Kd5 53. Rf3 Ke4 54. Kg2 Qd2+ 55. Rf2 Qe3 56. Nf1 Qd4 57. Ng3+ Ke5 58. Re2+ Kf4 59. Nf5 Qd5+ 60. Kh2 Qf3 61. Rg2 Qc6 62. Rg1 Qb6 63. Rg2 Kf3 64. Rg3+ Kf4 65. Rg2 Qb8 66. Rg3 Qe5 67. Rg2 Kf3+ 68. Rg3+ Kf2 69. Kh3 Qe1 70. Rg2+ Kf3 71. Rg3+ Kf4 72. Rg2 Qh1+ 73. Rh2 Qf3+ 74. Ng3 Qxg3# 0-1


[Site "https://www.chess.com"]

[Event "Titled Tuesday Blitz June 21 Early 2022"]
[White "Araujo Sanchez, Josue"]
[Black "Urquhart, Ed"]
[WhiteFideId "6416896"]
[BlackFideId "2603748"]
[WhiteElo "2339"]
[BlackElo "2184"]
[Result "0-1"]
[Round "04"]
[TimeControl "180+1"]
[Date "2022.06.21"]
[WhiteClock "0:00:36"]
[BlackClock "0:00:43"]

1. d4 Nf6 2. c4 e6 3. g3 d5 4. Bg2 Be7 5. Nf3 O-O 6. O-O dxc4 7. a4 c5 8. dxc5 Na6 9. c6 Qc7 10. Nfd2 Rd8 11. Qc2 Nb4 12. Qxc4 Nxc6 13. Nc3 Bd7 14. Nb3 Rac8 15. Bf4 e5 16. Be3 Be6 17. Qb5 a6 18. Bb6 axb5 19. Bxc7 Rxc7 20. axb5 Bxb3 21. bxc6 bxc6 22. Ra6 Bd5 23. Bh3 Bc4 24. Rb6 h6 25. Bg2 Bd5 26. Bh3 Bc5 27. Ra6 Bc4 28. Ra4 Bb5 29. Ra2 Rd2 30. Re1 g6 31. e3 Bb4 32. Ra8+ Kg7 33. Rc1 Bxc3 34. bxc3 Bc4 0-1


[Site "https://www.chess.com"]

[Event "Titled Tuesday Blitz June 21 Early 2022"]
[White "Arpita, Mukherjee"]
[Black "Wagner, Dinara"]
[WhiteFideId "5056403"]
[BlackFideId "24157570"]
[WhiteElo "1934"]
[BlackElo "2216"]
[Result "1-0"]
[Round "04"]
[TimeControl "180+1"]
[Date "2022.06.21"]
[WhiteClock "0:00:16"]
[BlackClock "0:00:22"]

1. e4 c5 2. Nf3 d6 3. Bb5+ Nd7 4. d4 cxd4 5. Qxd4 a6 6. Bxd7+ Bxd7 7. c4 e5 8. Qd3 h6 9. Nc3 Rc8 10. O-O Nf6 11. b3 b5 12. a4 bxc4 13. bxc4 Qc7 14. Nd2 Be7 15. Ba3 O-O 16. Rac1 Be6 17. Nd5 Bxd5 18. cxd5 Qa5 19. Nc4 Qd8 20. Bb4 Rb8 21. Bd2 Nd7 22. Na5 Ra8 23. Nc6 Qe8 24. Bb4 f5 25. Qa3 Rf7 26. exf5 e4 27. Bxd6 Bg5 28. Rce1 Rxf5 29. Qb3 Kh8 30. Kh1 Qf7 31. Rd1 e3 32. Qd3 Rxf2 33. Rxf2 exf2 34. Rf1 Re8 35. h3 Re1 36. Bg3 Rxf1+ 37. Qxf1 Qxd5 38. Nb4 Be3 39. Nxd5 Bd4 40. Ne7 Bf6 41. Nf5 Nc5 42. Bxf2 Ne4 43. Bd4 Bxd4 44. Qd3 Ng3+ 45. Qxg3 Bg1 46. Qb8+ Kh7 47. Kxg1 Kg6 48. Qc7 Kxf5 49. Qxg7 Ke4 50. Qxh6 Kd5 51. Qxa6 Kc5 52. h4 Kb4 53. h5 Ka3 54. h6 Ka2 55. h7 Kb3 56. h8=Q Ka3 57. g4 Kb3 58. g5 Ka2 59. g6 1-0


[Site "https://www.chess.com"]

[Event "Titled Tuesday Blitz June 21 Early 2022"]
[White "Aslanov, Umid"]
[Black "Harvey, Marcus R"]
[WhiteFideId "13412620"]
[BlackFideId "400092"]
[WhiteElo "1796"]
[BlackElo "2485"]
[Result "0-1"]
[Round "04"]
[TimeControl "180+1"]
[Date "2022.06.21"]
[WhiteClock "0:00:18"]
[BlackClock "0:00:10"]

1. e4 c6 2. d4 d5 3. Nd2 dxe4 4. Nxe4 Nf6 5. Nxf6+ exf6 6. c3 Bd6 7. Bd3 O-O 8. Qc2 Re8+ 9. Ne2 h5 10. O-O h4 11. h3 Nd7 12. c4 Nf8 13. Be3 Be6 14. Rad1 Rc8 15. Nc3 a6 16. Qb1 b5 17. d5 cxd5 18. cxd5 Bd7 19. Ne4 Bb8 20. Bd4 Ng6 21. Nxf6+ gxf6 22. Bxg6 Qe7 23. d6 Bxd6 24. Rfe1 Be5 25. Bxe5 fxe5 26. Bf5 Rcd8 27. Qe4 Bxf5 28. Qxf5 Rxd1 29. Rxd1 e4 30. Qg4+ Kf8 31. Rd7 Qf6 32. Qh5 Re5 33. Qg4 e3 34. fxe3 Rxe3 35. Qb4+ Kg8 36. Rd6 Qg5 37. Qd2 Qg3 38. Rd8+ Kh7 39. Qc2+ Kg7 40. Rd1 b4 41. Qd2 a5 42. Qd4+ Kh7 43. Qf6 Re1+ 44. Rxe1 Qxe1+ 45. Kh2 Qg3+ 46. Kg1 Kg8 47. Qd8+ Kg7 48. Qd4+ Kh7 49. Qe4+ Kh6 50. Qf5 Kg7 51. Qxa5 Qe1+ 52. Kh2 Qg3+ 53. Kg1 Qe3+ 54. Kf1 Qc1+ 55. Kf2 Qxb2+ 56. Kf3 Qc3+ 57. Kf2 Qg3+ 58. Kf1 Qd3+ 59. Kg1 Qd1+ 60. Kh2 Qd6+ 61. Kg1 Qd4+ 62. Kh2 f6 63. Qc7+ Kg6 64. Qc2+ f5 65. Qc6+ Kg5 66. Qe6 Qf4+ 67. Kg1 Qc1+ 68. Kh2 Qf4+ 69. Kg1 Qd4+ 70. Kh2 Qe4 71. Qg8+ Kf4 72. Qb8+ Ke3 73. Qb6+ Kd3 74. Qd6+ Kc3 75. Qa6 Kb2 76. Qa4 Qe5+ 77. Kg1 Qd4+ 78. Kh2 f4 79. Qb3+ Ka1 80. Qc2 Qc3 81. Qe2 Qg3+ 82. Kh1 Qe3 83. Qc2 Qe1+ 84. Kh2 Qg3+ 85. Kh1 Qc3 86. Qe2 Qb2 87. Qf3 Qc1+ 88. Kh2 Kxa2 89. Qf2+ Ka3 90. Qxh4 Qe3 91. Qg5 Qg3+ 92. Qxg3+ fxg3+ 93. Kxg3 b3 94. h4 b2 95. h5 b1=Q 96. Kg4 Kb4 97. Kg5 Kc5 98. h6 Qh7 99. Kh5 Kd6 100. g4 Ke6 101. g5 Kf7 102. Kg4 Kg6 103. Kf4 Qf7+ 104. Ke5 Kxg5 105. Kd6 Qf6+ 106. Kd7 Qxh6 107. Ke8 Qg7 108. Kd8 Kf6 109. Ke8 Qe7# 0-1


[Site "https://www.chess.com"]

[Event "Titled Tuesday Blitz June 21 Early 2022"]
[White "Barp, Alberto"]
[Black "Pham, Le Thao Nguyen"]
[WhiteFideId "872555"]
[BlackFideId "12401226"]
[WhiteElo "2229"]
[BlackElo "2282"]
[Result "1-0"]
[Round "04"]
[TimeControl "180+1"]
[Date "2022.06.21"]
[WhiteClock "0:00:50"]
[BlackClock "0:00:02"]

1. d4 d5 2. Nf3 c6 3. c4 Nf6 4. e3 Bg4 5. h3 Bh5 6. Nc3 e6 7. g4 Bg6 8. Ne5 Nfd7 9. Nxg6 hxg6 10. Bd2 Be7 11. Qc2 Nb6 12. b3 N8d7 13. Be2 Bh4 14. Rh2 Qb8 15. Rh1 Qd8 16. e4 dxc4 17. bxc4 c5 18. dxc5 Nxc5 19. Be3 Rc8 20. Rd1 Qe7 21. Nb5 O-O 22. Nd6 Rc6 23. e5 Ncd7 24. Bf3 Nxe5 25. Bxc6 bxc6 26. Qe4 Qf6 27. Ke2 g5 28. Bd4 Nbd7 29. c5 Qf4 30. Qxf4 gxf4 31. f3 Rb8 32. Rb1 Rd8 33. Rhd1 Be7 34. Ne4 Rc8 35. g5 f5 36. gxf6 gxf6 37. Rg1+ Kf7 38. Rb7 Nf8 39. Nd6# 1-0


[Site "https://www.chess.com"]

[Event "Titled Tuesday Blitz June 21 Early 2022"]
[White "Barria Zuniga, Daniel"]
[Black "Lashkin, Jegor"]
[WhiteFideId "3400816"]
[BlackFideId "13907808"]
[WhiteElo "2414"]
[BlackElo "2368"]
[Result "0-1"]
[Round "04"]
[TimeControl "180+1"]
[Date "2022.06.21"]
[WhiteClock "0:00:11"]
[BlackClock "0:01:00"]

1. d4 Nf6 2. c4 e6 3. Nf3 d5 4. Nc3 Bb4 5. Qa4+ Nc6 6. e3 O-O 7. Bd2 dxc4 8. Bxc4 Bd6 9. O-O e5 10. h3 a6 11. a3 Bd7 12. Qc2 Qe7 13. b4 Rae8 14. Ng5 e4 15. f3 Bf5 16. fxe4 Bg6 17. Bd3 h6 18. Nf3 Nxe4 19. Nxe4 Bxe4 20. Bxe4 Qxe4 21. Qxe4 Rxe4 22. Rfb1 Ree8 23. b5 axb5 24. Rxb5 b6 25. a4 Ra8 26. e4 Rfd8 27. e5 Bf8 28. Rc1 Nxd4 29. Be3 Ne2+ 0-1


[Site "https://www.chess.com"]

[Event "Titled Tuesday Blitz June 21 Early 2022"]
[White "Begunov, Konstantin"]
[Black "Tica, Sven"]
[WhiteFideId "4118510"]
[BlackFideId "14526948"]
[WhiteElo "2262"]
[BlackElo "2346"]
[Result "0-1"]
[Round "04"]
[TimeControl "180+1"]
[Date "2022.06.21"]
[WhiteClock "0:00:04"]
[BlackClock "0:00:31"]

1. d4 g6 2. c4 Bg7 3. Nc3 d6 4. e4 Nd7 5. Be3 e5 6. Nge2 Ne7 7. Qd2 O-O 8. f3 f5 9. O-O-O a6 10. Kb1 Rb8 11. Bg5 Qe8 12. dxe5 Nxe5 13. Nd4 N7c6 14. Be3 Bd7 15. Be2 fxe4 16. Nxe4 Bf5 17. Nxf5 Rxf5 18. Rhe1 b6 19. Bf1 Qf8 20. Nc3 Re8 21. Nd5 Qf7 22. Ka1 a5 23. Qc2 Nb4 24. Nxb4 axb4 25. Qa4 c5 26. Bc1 Qf8 27. f4 Ra8 28. Qc2 Nc6 29. Be3 Ra3 30. Kb1 Ra5 31. Qd3 Qa8 32. Qxd6 Rxa2 0-1


[Site "https://www.chess.com"]

[Event "Titled Tuesday Blitz June 21 Early 2022"]
[White "Bharath Subramaniyam H"]
[Black "Jakubowski, Krzysztof"]
[WhiteFideId "46634827"]
[BlackFideId "1112848"]
[WhiteElo "2242"]
[BlackElo "2365"]
[Result "1-0"]
[Round "04"]
[TimeControl "180+1"]
[Date "2022.06.21"]
[WhiteClock "0:01:17"]
[BlackClock "0:00:01"]

1. c4 Nf6 2. Nc3 e5 3. Nf3 Nc6 4. e3 Bb4 5. Qc2 Bxc3 6. Qxc3 Qe7 7. d4 Ne4 8. Qd3 exd4 9. Nxd4 Qb4+ 10. Ke2 Nc5 11. Qc2 O-O 12. a3 Qb6 13. Nxc6 bxc6 14. b4 Ne6 15. c5 Qb8 16. f3 a5 17. Rb1 axb4 18. axb4 Ba6+ 19. Kf2 Bxf1 20. Rxf1 Qb5 21. Bd2 Ra3 22. Rfd1 Rfa8 23. Be1 Ra2 24. Rb2 Rxb2 25. Qxb2 Nxc5 26. Qc2 Ne6 27. Rxd7 h6 28. Bc3 Qc4 29. Qf5 Ra2+ 30. Kg3 Nf8 31. Qe5 Ne6 32. Rd8+ Kh7 33. Qf5+ 1-0


[Site "https://www.chess.com"]